 Dungeon Crawl Stone Soup version 0.30.0-10-gfe55d96785 (webtiles) character file.

Game seed: 13380720694829411597

624 retardedninja the Firebug (level 7, -8/51 HPs)
             Began as a Gnoll Fire Elementalist on May 15, 2023.
             Was an Initiate of Cheibriados.
             Mangled by a gnoll bouda
             ... wielding a +0 whip
              (11 damage)
             ... on level 5 of the Dungeon.
             The game lasted 00:05:35 (5404 turns).

retardedninja the Firebug (Gnoll Fire Elementalist) Turns: 5404, Time: 00:05:36

Health: -8/51      AC:  2    Str:  8    XL:     7   Next: 47%
Magic:  9/15       EV: 14    Int: 18    God:    Cheibriados [......]
Gold:   312        SH:  0    Dex: 13    Spells: 14/17 levels left

rFire   . . .        s - +0 spear
rCold   . . .        (no shield)
rNeg    + . .        a - +0 robe
rPois   +            (no helmet)
rElec   .            (no cloak)
rCorr   .            (no gloves)
SInv    .            (no boots)
Will    .....        (no amulet)
Stlth   +++          j - ring of positive energy
HPRegen 0.28/turn    t - ring of poison resistance
MPRegen 0.14/turn

%: no passive effects
@: hasted, quick
A: fangs 1, strong nose, distributed training
a: Renounce Religion


You were on level 5 of the Dungeon.
You worshipped Cheibriados.
Cheibriados was noncommittal.
You visited 1 branch of the dungeon, and saw 5 of its levels.

You collected 312 gold pieces.

Inventory:

Hand Weapons
 s - a +0 spear (weapon)
Armour
 a - a +0 robe (worn)
 v - a +0 helmet
 z - a +2 pair of gloves
 B - a +0 pair of boots
 C - a +0 pair of boots
Jewellery
 j - a ring of positive energy (left hand)
 t - a ring of poison resistance (right hand)
Wands
 w - a wand of polymorph (6)
Scrolls
 c - 4 scrolls of identify {unknown}
 f - a scroll of magic mapping {unknown}
 h - a scroll of blinking {unknown}
 k - 2 scrolls of fear {unknown}
 m - 2 scrolls of butterflies {unknown}
 p - 7 scrolls of teleportation {unknown}
 q - a scroll of immolation {unknown}
 x - a scroll of torment {unknown}
 y - 2 scrolls of poison {unknown}
 A - a scroll of vulnerability {unknown}
Potions
 b - a potion of magic
 d - a potion of cancellation {unknown}
 e - a potion of invisibility {unknown}
 g - a potion of haste
 i - 2 potions of flight {unknown}
 l - 3 potions of brilliance {unknown}
 n - 3 potions of resistance {unknown}
 o - 3 potions of curing {unknown}
 r - 2 potions of degeneration {unknown}
 u - a potion of lignification {unknown}


   Skills:
 + Level 2.6 Fighting
 + Level 2.6 Short Blades
 + Level 2.6 Long Blades
 + Level 2.6 Axes
 + Level 2.6 Maces & Flails
 + Level 2.6 Polearms
 + Level 2.6 Staves
 + Level 2.6 Ranged Weapons
 + Level 2.6 Throwing
 + Level 2.6 Armour
 + Level 5.3 Dodging
 + Level 5.0 Stealth
 + Level 2.6 Shields
 + Level 2.6 Unarmed Combat
 + Level 5.7 Spellcasting
 + Level 3.0 Conjurations
 + Level 2.1 Hexes
 + Level 2.1 Summonings
 + Level 2.1 Necromancy
 + Level 2.1 Translocations
 + Level 2.1 Transmutations
 + Level 5.9 Fire Magic
 + Level 2.1 Ice Magic
 + Level 2.1 Air Magic
 + Level 2.1 Earth Magic
 + Level 2.1 Poison Magic
 + Level 2.9 Invocations
 + Level 2.6 Evocations


You had 14 spell levels left.
You knew the following spells:

 Your Spells              Type           Power      Damage    Failure   Level
a - Foxfire               Conj/Fire      84%        2x1d8     1%          1
b - Scorch                Fire           52%        2d7       1%          2

Your spell library contained the following spells:

 Spells                   Type           Power      Damage    Failure   Level
 Necrotise                Necr           48%        1d6       5%          1
 Inner Flame              Hex/Fire       19%        N/A       7%          3
 Volatile Blastmotes      Fire/Tloc      38%        2d13      7%          3
 Hailstorm                Conj/Ice       14%        3d5       13%         3
 Call Canine Familiar     Summ           12%        N/A       16%         3
 Portal Projectile        Hex/Tloc       24%        N/A       16%         3
 Tukima's Dance           Hex            12%        N/A       16%         3
 Vampiric Draining        Necr           12%        2d6       16%         3
 Flame Wave               Conj/Fire      21%        2d8       19%         4
 Ice Form                 Ice/Tmut       12%        N/A       45%         4
 Leda's Liquefaction      Hex/Erth       6%         N/A       45%         4
 Passage of Golubria      Tloc           12%        N/A       45%         4
 Agony                    Necr           12%        N/A       82%         5
 Yara's Violent Unravell  Hex/Tmut       6%         3d5       82%         5
 Simulacrum               Ice/Necr       6%         N/A       100%        6


Dungeon Overview and Level Annotations

Branches:
Dungeon (5/15)
 Temple: D:4-7

Altars:
Cheibriados
Elyvilon
Nemelex Xobeh
Sif Muna
Xom
Yredelemnul


Innate Abilities, Weirdness & Mutations

You have very sharp teeth.
Your uncanny sense of smell can sniff out nearby items.
Your experience applies equally to all skills.


Message History

Confirm with . or Enter, or press ? or * to list all spells.
Flames lash the troll.
The troll is burned terribly!
The troll is heavily wounded.
The gnoll bouda attacks as you move away!
The gnoll bouda closely misses you.
The gnoll bouda is no longer more vulnerable to fire.
The gnoll bouda hits you with a +0 whip.
The gnoll bouda gazes fiercely through you!
You feel your attacks grow feeble.
The gnoll bouda hits you with a +0 whip!
The gnoll bouda attacks as you move away!
The gnoll bouda misses you.
The gnoll bouda gazes fiercely through you!
You feel as though you will be weak longer.
The gnoll bouda misses you.
The gnoll bouda attacks as you move away!
The gnoll bouda hits you with a +0 whip.
The troll is no longer more vulnerable to fire.
The gnoll bouda attacks as you move away!
The gnoll bouda closely misses you. The gnoll bouda barely misses you.
The gnoll bouda attacks as you move away!
The gnoll bouda barely misses you.
You see here a +0 giant spiked club.
The gnoll bouda attacks as you move away!
The gnoll bouda hits you with a +0 whip. x2
Your attacks no longer feel as feeble.
The gnoll bouda attacks as you move away!
The gnoll bouda hits you with a +0 whip!
* * * LOW HITPOINT WARNING * * *
The gnoll is no longer moving quickly.
The gnoll bouda barks out a call to the hunt!
The gnoll picks up the pace!
The gnoll bouda attacks as you move away!
The gnoll bouda hits you with a +0 whip!
* * * LOW HITPOINT WARNING * * *
It was a potion of haste.
You feel yourself speed up.
Cheibriados forgives your accidental hurry, just this once.
The gnoll bouda hits you with a +0 whip!
You die...

≈.§...§§..# #.# #.........#
#. ≈.≈§≈.§§### #.#
#.........###' §.≈_≈.§.# #)#
#.........##.) ≈.§.≈.≈.# #.#
#####'######.. §...≈.≈§#
####g####....# #.. ≈≈≈≈≈.≈§#
#....##..§#### #.. ≈§.§§§§.#
###.#.T##.######### #.)
≈.§≈§≈≈.# #...#.g##.#.......#
#.. ..§§§...#
#.###.@##÷#.......###..
....##..###.#
#..)..........'.'..
######....#.#
#.###.#.......###.. ####...#
#.# #.#.......# #.. #######
##..# #.# #.#.......# #..
#.....####..# #.###.#.......#
#.. #.⌠.⌠...##..#
#.##..#.......# #..
#.._........###.#..##########
### ##⌠.⌠...##..........#


You could see a troll, a gnoll bouda and a gnoll (swift).

Vanquished Creatures
  An ogre (D:5)
  A bullfrog (D:4)
  2 scorpions
  A howler monkey (D:5)
  2 hounds (D:5)
  A sleepcap (D:5)
  2 orc wizards (D:4)
  Robin (D:4)
  5 gnolls (D:5)
  4 adders
  A worm (D:1)
  4 dart slugs
  3 orcs
  8 ball pythons
  4 bats
  4 endoplasms
  4 giant cockroaches
  17 goblins
  7 hobgoblins
  6 jackals
  6 kobolds
  3 quokkas
  3 frilled lizards
  A rat (D:1)
91 creatures vanquished.

Vanquished Creatures (collateral kills)
  A foxfire (D:5)
1 creature vanquished.

Vanquished Creatures (others)
  361 foxfires
361 creatures vanquished.

Grand Total: 453 creatures vanquished

Notes
Turn   | Place    | Note
-------+----------+-------------------------------------------
     0 | D:1      | retardedninja the Gnoll Fire Elementalist began the quest
                  | for the Orb.
     0 | D:1      | Reached XP level 1. HP: 13/13 MP: 6/6
   199 | D:1      | Reached XP level 2. HP: 19/19 MP: 5/7
   202 | D:1      | Learned a level 2 spell: Scorch
  1007 | D:2      | Reached skill level 5 in Spellcasting
  1007 | D:2      | Reached XP level 3. HP: 25/25 MP: 5/9
  1430 | D:2      | Reached skill level 1 in Invocations
  1484 | D:2      | Reached skill level 1 in Fighting
  1484 | D:2      | Reached skill level 1 in Short Blades
  1484 | D:2      | Reached skill level 1 in Long Blades
  1484 | D:2      | Reached skill level 1 in Axes
  1484 | D:2      | Reached skill level 1 in Maces & Flails
  1484 | D:2      | Reached skill level 1 in Polearms
  1484 | D:2      | Reached skill level 1 in Staves
  1484 | D:2      | Reached skill level 1 in Ranged Weapons
  1484 | D:2      | Reached skill level 1 in Throwing
  1484 | D:2      | Reached skill level 1 in Armour
  1484 | D:2      | Reached skill level 1 in Shields
  1484 | D:2      | Reached skill level 1 in Unarmed Combat
  1484 | D:2      | Reached skill level 1 in Evocations
  1672 | D:2      | Reached XP level 4. HP: 30/32 MP: 6/11
  2301 | D:3      | Found a shimmering altar of Xom.
  2304 | D:3      | Found a shimmering altar of Xom.
  2305 | D:3      | Found a shimmering altar of Xom.
  2308 | D:3      | Found a shimmering altar of Xom.
  2308 | D:3      | Found a shimmering altar of Xom.
  2310 | D:3      | Found a shimmering altar of Xom.
  2310 | D:3      | Found a shimmering altar of Xom.
  2315 | D:3      | Reached skill level 1 in Hexes
  2315 | D:3      | Reached skill level 1 in Summonings
  2315 | D:3      | Reached skill level 1 in Necromancy
  2315 | D:3      | Reached skill level 1 in Translocations
  2315 | D:3      | Reached skill level 1 in Transmutations
  2315 | D:3      | Reached skill level 1 in Ice Magic
  2315 | D:3      | Reached skill level 1 in Air Magic
  2315 | D:3      | Reached skill level 1 in Earth Magic
  2315 | D:3      | Reached skill level 1 in Poison Magic
  2759 | D:4      | Noticed Robin
  3285 | D:4      | Killed Robin
  3286 | D:4      | Reached XP level 5. HP: 37/37 MP: 5/12
  3572 | D:4      | Reached XP level 6. HP: 23/44 MP: 4/14
  3735 | D:4      | Reached skill level 5 in Dodging
  4078 | D:4      | Found a shimmering blue altar of Sif Muna.
  4403 | D:5      | Entered Level 5 of the Dungeon
  4849 | D:5      | Found a white marble altar of Elyvilon.
  4943 | D:5      | Reached XP level 7. HP: 51/51 MP: 8/15
  5000 | D:5      | Found a sparkling altar of Nemelex Xobeh.
  5207 | D:5      | Found a snail-covered altar of Cheibriados.
  5248 | D:5      | Found a basalt altar of Yredelemnul.
  5256 | D:5      | Reached skill level 5 in Stealth
  5330 | D:5      | Became a worshipper of Cheibriados the Contemplative
  5374 | D:5      | Noticed a troll
  5404 | D:5      | Mangled by a gnoll bouda

Illustrated notes

Levels and vault maps discovered:
D:1:      scummos_arrival_simple_fountains, layout_basic,
          kennysheep_decorative_pillar, hangedman_decor_growths,
          minmay_misc_feat_room, nicolae_wormholes
D:2:      kennysheep_six_static_rooms, layout_loops_ring
D:3:      layout_basic, nicolae_xom_altar_mimics
D:4:      minmay_general_purpose_star, layout_basic,
          mainiacjoe_overflow_surrounded_room, uniq_robin
D:5:      layout_basic, elyvilon_altar_1, mainiacjoe_overflow_catwalk_spiral,
          nemelex_xobeh_ov_fountains_minmay

Skill      XL: |  1  2  3  4  5  6  7 |
---------------+----------------------+-----
Conjurations   | 2 3 |  3.0
Spellcasting   | 5 |  5.7
Invocations    | 1 2 |  2.9
Fighting       | 1 2 |  2.6
Short Blades   | 1 2 |  2.6
Long Blades    | 1 2 |  2.6
Axes           | 1 2 |  2.6
Maces & Flails | 1 2 |  2.6
Polearms       | 1 2 |  2.6
Staves         | 1 2 |  2.6
Ranged Weapons | 1 2 |  2.6
Throwing       | 1 2 |  2.6
Armour         | 1 2 |  2.6
Shields        | 1 2 |  2.6
Unarmed Combat | 1 2 |  2.6
Evocations     | 1 2 |  2.6
Hexes          | 1 2 |  2.1
Summonings     | 1 2 |  2.1
Necromancy     | 1 2 |  2.1
Translocations | 1 2 |  2.1
Transmutations | 1 2 |  2.1
Ice Magic      | 1 2 |  2.1
Air Magic      | 1 2 |  2.1
Earth Magic    | 1 2 |  2.1
Poison Magic   | 1 2 |  2.1
Dodging        | 5 |  5.3
Stealth        | 5 |  5.0
Fire Magic     | |  5.9

Action                     |  1- 3 |  4- 6 |  7- 9 || total
---------------------------+-------+-------+-------++-------
  Melee: Spear             |       |     6 |       ||     6
   Cast: Foxfire           |    85 |   113 |    24 ||   222
         Scorch            |       |    31 |     5 ||    36
    Use: Potion            |       |       |     1 ||     1
 Armour: Robe              |     2 |    11 |     1 ||    14
  Dodge: Dodged            |    10 |    54 |    15 ||    79
